 Dungeon Crawl Stone Soup version 0.23.2-33-g5129a83184 (webtiles) character file.

Game seed: 5243868545144312045

5009 MalarOregon the Fighter (level 10, -1/91 HPs)
             Began as a Ghoul Monk on July 1, 2019.
             Was a Believer of Yredelemnul.
             Slain by a six-headed hydra (10 damage)
             ... on level 1 of the Lair of Beasts.
             The game lasted 00:22:15 (10522 turns).

MalarOregon the Fighter (Ghoul Monk)               Turns: 10522, Time: 00:22:16

Health: -1/91      AC: 16    Str: 16    XL:     10   Next: 54%
Magic:  9/9        EV:  7    Int: 13    God:    Yredelemnul [**....]
Gold:   167        SH:  0    Dex: 11    Spells: 9/9 levels left

rFire    . . .     SeeInvis .     - Unarmed
rCold    + . .     Gourm    .   (no shield)
rNeg     + + +     Faith    .   a - +0 plate armour
rPois    ∞         Spirit   .   o - +1 helmet
rElec    .         Reflect  .   s - +0 cloak
rCorr    .         Harm     .   (no gloves)
MR       .....                  (no boots)
Stlth    ..........             (no amulet)
HPRegen  0.00/turn              m - +5 ring of intelligence
MPRegen  0.11/turn              (no ring)

@: rotting
A: rotting body, claws 1, carnivore, cold resistance 1, negative energy
resistance 3, inhibited regeneration, torment resistance, unbreathing
a: Animate Remains, Recall Undead Slaves, Injury Mirror, Renounce Religion


You were on level 1 of the Lair of Beasts.
You worshipped Yredelemnul.
Yredelemnul was pleased with you.
You were not hungry.

You visited 3 branches of the dungeon, and saw 11 of its levels.
You also visited: Ossuary.

You collected 503 gold pieces.
You spent 336 gold pieces at shops.

Inventory:

Hand Weapons
 b - a +0 longbow
   (You found it on level 8 of the Dungeon)
Missiles
 h - 93 arrows
 u - 16 bolts
 y - 7 javelins (quivered)
Armour
 a - a +0 plate armour (worn)
   (You took it off an orc warrior on level 7 of the Dungeon)
 f - a scarf of cloud immunity
   (You found it on level 1 of the Dungeon)
 o - a +1 helmet (worn)
   (You bought it in a shop on level 7 of the Dungeon)
 s - a +0 cloak (worn)
   (You bought it in a shop on level 7 of the Dungeon)
Jewellery
 m - a +5 ring of intelligence (left claw)
   (You found it on level 2 of the Dungeon)
 q - an uncursed ring of fire
   (You found it on level 3 of the Dungeon)
Scrolls
 d - 4 scrolls of remove curse {@r2}
 g - 2 scrolls of fear
 l - 2 scrolls of blinking
 n - 4 scrolls of teleportation {@r4}
 w - a scroll of magic mapping
 A - 3 scrolls of fog
Potions
 c - 3 potions of curing {@q1}
 i - 3 potions of brilliance
 j - 3 potions of ambrosia
 p - a potion of heal wounds {@q2}
Comestibles
 e - 8 rations {!d}


   Skills:
 + Level 9.0 Fighting
 + Level 6.9 Armour
 + Level 7.5 Dodging
 - Level 2.1 Stealth
 + Level 9.0 Unarmed Combat


You had 9 spell levels left.
You didn't know any spells.
Your spell library was empty.

Dungeon Overview and Level Annotations

Branches:
Dungeon (9/15)             Temple (1/1) D:7            Lair (1/6) D:8
    Orc: D:9-12

Altars:
Ashenzari
Cheibriados
Dithmenos
Elyvilon
Fedhas
Gozag
Hepliaklqana
Kikubaaqudgha
Makhleb
Nemelex Xobeh
Okawaru
Qazlal
Ru
Sif Muna
Trog
Uskayaw
Vehumet
Wu Jian
Xom
Yredelemnul
Zin
The Shining One

Shops:
D:7 [


Innate Abilities, Weirdness & Mutations

Your body is rotting away.
You thrive on raw meat.
You are immune to poison.
You have sharp fingernails.
You are carnivorous and can eat meat at any time.
Your flesh is cold resistant. (rC+)
You are immune to negative energy. (rN+++)
You do not regenerate when monsters are visible.
You are immune to unholy pain and torment.
You can survive without breathing.


Message History

* * * LOW HITPOINT WARNING * * *
The six-headed hydra bites you.
* * * LOW HITPOINT WARNING * * *
The six-headed hydra barely misses you.
Unknown command.
You aren't carrying any items that you can evoke.
You claw the six-headed hydra! The six-headed hydra bites you.
* * * LOW HITPOINT WARNING * * *
The six-headed hydra completely misses you.
The six-headed hydra bites you but does no damage. x3
The six-headed hydra bites you.
* * * LOW HITPOINT WARNING * * *
Unknown command.
Your plate armour prevents you from hitting the six-headed hydra.
The six-headed hydra bites you!
* * * LOW HITPOINT WARNING * * *
The six-headed hydra barely misses you.
The six-headed hydra bites you but does no damage. x2
The six-headed hydra bites you!
* * * LOW HITPOINT WARNING * * *
The six-headed hydra bites you.
* * * LOW HITPOINT WARNING * * *
You feel much better.
The six-headed hydra completely misses you.
The six-headed hydra barely misses you.
The six-headed hydra bites you but does no damage.
The six-headed hydra completely misses you.
The six-headed hydra bites you.
* * * LOW HITPOINT WARNING * * *
The six-headed hydra bites you but does no damage.
It was a potion of magic.
Magic courses through your body.
The six-headed hydra bites you but does no damage. x6
You enter the shallow water.
Moving in this stuff is going to be slow.
The six-headed hydra bites you!
* * * LOW HITPOINT WARNING * * *
The six-headed hydra barely misses you. The six-headed hydra bites you.
* * * LOW HITPOINT WARNING * * *
The six-headed hydra bites you but does no damage.
The six-headed hydra bites you.
* * * LOW HITPOINT WARNING * * *
The six-headed hydra bites you.
* * * LOW HITPOINT WARNING * * *
Unknown command.
The six-headed hydra bites you but does no damage.
The six-headed hydra bites you.
* * * LOW HITPOINT WARNING * * *
The six-headed hydra bites you!
You die...
Yredelemnul claims you as an undead slave.

#....P####P#.###...#
#..................##
#...................##
....#####P#....≈≈.÷.≈## +...#
###.≈.≈≈≈≈≈≈..#### #.###
#..≈≈≈≈≈≈≈≈..... .####
##≈≈≈≈≈≈≈≈≈≈...##
.##.######..≈≈≈...≈≈≈...#
##...##P###.≈≈≈.@.≈≈≈≈..##
#...........≈≈≈≈.D≈≈≈....#
#÷....#.#..≈≈≈≈≈≈≈≈≈≈...##
.÷....###...≈≈≈≈≈≈≈≈≈...# ##...##
#....≈≈≈≈≈≈≈....# ###.##
#.P.P.≈≈≈.≈.#...# ## # .####
#.#.....≈###....####.###. ..#
#.#...#.#####............
..........#...+.###.P............


You could see a six-headed hydra.

Vanquished Creatures
  Pikel (D:4)
  A komodo dragon (D:8)
  4 hippogriffs
  Sigmund (D:5)
  A hungry ghost (D:8)
  2 water moccasins
  A porcupine (Lair:1)
  3 necrophages
  A slave (D:4)
  4 sky beasts
  A black bear (D:9)
  3 phantoms
  3 orc warriors
  A centaur (D:8)
  4 ogres
  2 scorpions
  5 wights (D:7)
  2 crimson imps
  2 hounds
  A quasit (D:8)
  A jelly (D:6)
  4 orc priests
  A bullfrog skeleton (D:8)
  A centaur skeleton (D:7)
  3 orc wizards
  Natasha (thrice) (D:2)
  2 iguanas
  5 worker ants
  8 mummies (Ossuary)
  5 adders
  6 gnolls
  2 shadow imps
  An adder zombie (D:5)
  A dart slug (D:1)
  2 leopard geckos
  15 orcs
  A ball python (D:2)
  9 bats
  6 giant cockroaches
  A gnoll zombie (Ossuary)
  4 goblins
  13 hobgoblins
  14 jackals
  2 quokkas
  A frilled lizard (D:3)
  3 hobgoblin zombies (Ossuary)
  A jackal skeleton (D:6)
  3 kobolds
  3 kobold zombies (Ossuary)
  An orc zombie (Ossuary)
  8 rats
173 creatures vanquished.

Vanquished Creatures (others)
  A plant (D:8)
1 creature vanquished.

Grand Total: 174 creatures vanquished

Notes
Turn   | Place    | Note
-------+----------+-------------------------------------------
     0 | D:1      | MalarOregon the Ghoul Monk began the quest for the Orb.
     0 | D:1      | Reached XP level 1. HP: 19/19 MP: 0/0
   298 | D:1      | Reached XP level 2. HP: 26/26 MP: 1/1
   718 | D:1      | Reached skill level 1 in Armour
   718 | D:1      | Reached XP level 3. HP: 27/31 MP: 2/2
   944 | D:2      | Found an iron altar of Okawaru.
   944 | D:2      | Found a stormy altar of Qazlal.
   974 | D:2      | Noticed Natasha
   984 | D:2      | Killed Natasha
   984 | D:2      | Reached XP level 4. HP: 24/40 MP: 3/3
  1053 | D:2      | Noticed Natasha
  1102 | D:2      | Killed Natasha
  1269 | D:2      | Noticed Natasha
  1277 | D:2      | Killed Natasha
  1528 | D:2      | Reached XP level 5. HP: 46/46 MP: 4/4
  1586 | D:2      | Found a bloodstained altar of Trog.
  1878 | D:3      | Found an ornate altar of the Wu Jian Council.
  3165 | D:4      | Reached XP level 6. HP: 6/52 MP: 5/5
  3850 | D:4      | Reached skill level 5 in Fighting
  3850 | D:4      | Reached skill level 5 in Unarmed Combat
  3850 | D:4      | Reached XP level 7. HP: 61/61 MP: 6/6
  4337 | D:4      | Noticed Pikel
  4350 | D:4      | Killed Pikel
  4350 | D:4      | Reached XP level 8. HP: 49/70 MP: 7/7
  4475 | D:5      | Entered Level 5 of the Dungeon
  4553 | D:5      | Reached skill level 5 in Dodging
  4645 | D:5      | Found a sand-covered staircase.
  4648 | D:5      | Noticed Sigmund
  4654 | Ossuary  | Entered an ossuary
  5753 | D:6      | HP: 3/71 [orc warrior/+0 hand axe (11)]
  6622 | D:6      | Reached XP level 9. HP: 78/78 MP: 8/8
  6680 | D:6      | Reached skill level 5 in Armour
  7699 | D:7      | Found a shimmering altar of Xom.
  7754 | D:7      | Found Ginos's Antique Armour Boutique.
  7940 | D:7      | Bought a glowing helmet for 210 gold pieces
  7940 | D:7      | Bought a cloak for 126 gold pieces
  8120 | D:7      | Found a staircase to the Ecumenical Temple.
  8311 | D:8      | Found a staircase to the Lair.
  8313 | D:8      | Noticed a komodo dragon
  8349 | D:8      | Killed a komodo dragon
  8349 | D:8      | Reached XP level 10. HP: 31/89 MP: 9/9
  9214 | D:5      | Killed Sigmund
  9296 | Temple   | Entered the Ecumenical Temple
  9404 | Temple   | Became a worshipper of Yredelemnul the Dark
  9404 | Temple   | Reached * piety under Yredelemnul
  9404 | Temple   | Reached ** piety under Yredelemnul
 10305 | Lair:1   | Entered Level 1 of the Lair of Beasts
 10483 | Lair:1   | Noticed a six-headed hydra
 10499 | Lair:1   | HP: 2/91 [six-headed hydra (5)]
 10522 | Lair:1   | Slain by a six-headed hydra

Skill      XL: |  1  2  3  4  5  6  7  8  9 10 |
---------------+-------------------------------+-----
Armour         | 1 2 3 4 6 |  6.9
Dodging        | 3 4 5 7 |  7.5
Fighting       | 4 5 6 8 9 |  9.0
Unarmed Combat | 4 5 6 8 9 |  9.0
Stealth        | |  2.1

Action                   |  1- 3 |  4- 6 |  7- 9 | 10-12 || total
-------------------------+-------+-------+-------+-------++-------
Melee: Unarmed           |    90 |   156 |   380 |   171 ||   797
       Punch             |     1 |     1 |     7 |     3 ||    12
 Fire: Hunting sling     |       |    16 |    82 |    10 ||   108
       Longbow           |       |       |       |     5 ||     5
  Use: Scroll            |       |     2 |    14 |       ||    16
       Potion            |       |       |     7 |     4 ||    11
 Stab: Sleeping          |     3 |     1 |       |       ||     4
       Invisible         |       |       |     2 |       ||     2
  Eat: Chunk             |     2 |     8 |    19 |     9 ||    38
       Ration            |       |       |     1 |       ||     1
Armor: Ring mail         |    39 |    27 |    50 |       ||   116
       Robe              |     1 |       |       |       ||     1
       Plate armour      |       |       |    85 |   199 ||   284
Dodge: Dodged            |    67 |    94 |   146 |    88 ||   395
